AoeStats
← palmcivet

Arena

505198673Analyzed
1v1 RM · 23d ago on Sep 8, 2026· 55m 9s· 2 players
Game mode
Random Map
Map size
Tiny (2 player)
Population
200
Speed
Normal
Resources
Standard
Victory
Conquest
Starting age
Dark Age
Ending age
Imperial Age
RankedLock teamsTeams togetherTeam positionsShared explorationLock speedFull tech treeHidden civsTurbo modeCheats
Victory
Defeat
🇩🇪 Khmer · Germany
936
+14
🇨🇳 Poles · China
899
-14
palmcivet
8:47 Loom
11:09 Feudal Age
12:30 Double-Bit Axe
15:50 Castle Age
14:16 Stone Mining
17:48 Bow Saw
18:59 Horse Collar
20:56 Wheelbarrow
27:31 Imperial Age
25:31 Heavy Plow
28:40 Conscription
29:03 Stone Shaft Mining
28:45 Hand Cart
29:46 Chemistry
29:14 Light Cavalry
30:05 Bloodlines
30:03 Scale Barding Armor
30:26 Husbandry
30:17 Treadmill Crane
31:07 Lechitic Legacy
32:33 Winged Hussar
34:47 Chain Barding Armor
36:25 Forging
36:08 Fletching
37:08 Elite Obuch
42:09 Bodkin Arrow
43:12 Iron Casting
43:04 Bracer
43:28 Gold Mining
43:06 Elite Skirmisher
45:48 Blast Furnace
46:20 Ballistics
47:31 Crop Rotation
47:45 Thumb Ring
47:52 Herbal Medicine
48:14 Scale Mail Armor
48:40 Masonry
*MJT-Iwnl*
7:00 Loom
7:38 Loom
10:29 Feudal Age
13:44 Castle Age
11:59 Double-Bit Axe
13:15 Stone Mining
20:38 Horse Collar
22:19 Bow Saw
22:27 Heavy Plow
23:57 Scale Mail Armor
25:02 Wheelbarrow
24:14 Town Watch
25:24 Town Patrol
25:44 Redemption
25:44 Fervor
25:40 Gold Mining
26:30 Stone Shaft Mining
26:36 Hand Cart
27:25 Pikeman
31:22 Imperial Age
29:28 Forging
30:01 Scale Barding Armor
31:08 Iron Casting
32:16 Chain Mail Armor
32:22 Chain Barding Armor
31:55 Arson
33:08 Gold Shaft Mining
33:00 Halberdier
34:28 Heavy Scorpion
37:29 Siege Engineers
37:21 Murder Holes
37:36 Masonry
37:37 Fortified Wall
37:48 Ballistics
39:04 Double Crossbow
39:40 Hoardings
39:26 Conscription
40:54 Chemistry
39:46 Heated Shot
39:46 Guard Tower
40:27 Architecture
41:25 Double Crossbow
40:55 Sappers
42:44 Bloodlines
41:54 Light Cavalry
43:15 Plate Barding Armor
43:44 Blast Furnace
43:04 Onager
43:06 Capped Ram
47:06 Hussar
47:13 Hussar
52:17 Siege Ram
52:44 Cavalier
53:24 Husbandry
56:00 Keep
55:36 Careening
55:32 Siphons
55:42 Clinker Construction
56:16 Crop Rotation
Connection lost

Rejoining the realm…

Still unreachable

The connection could not be restored.

Session expired

The server has moved on; the page needs a fresh start.